 Dungeon Crawl Stone Soup version 0.31-a0-145-g046c7d2549 (webtiles) character file.

Game seed: 2819962920416144618

20 Esekla the Sneak (level 2, 12/21 HPs)
             Began as an Octopode Delver on June 6, 2023.
             Quit the game on level 5 of the Dungeon.
             The game lasted 00:01:00 (110 turns).

Esekla the Sneak (Octopode Delver)                   Turns: 110, Time: 00:01:01

Health: 12/21      AC:  1    Str: 11    XL:     2   Next: 79%
Magic:  2/2        EV: 13    Int: 12    God:
Gold:   14         SH:  0    Dex: 13    Spells: 1/1 levels left

rFire   . . .        a - +0 falchion
rCold   . . .        (no shield)
rNeg    . . .        (helmet restricted)
rPois   .            (no amulet)
rElec   .            (no ring)
rCorr   .            (no ring)
SInv    .            (no ring)
Will    .....        (no ring)
Stlth   ++++         (no ring)
HPRegen 0.23/turn    (no ring)
MPRegen 0.08/turn    (no ring)
                     (no ring)

%: no passive effects
@: no status effects
A: almost no armour, amphibious, 8 rings, camouflage 1, gelatinous body 1,
(nimble swimmer 1), tentacles
a: no special abilities


You were on level 5 of the Dungeon.
You visited 1 branch of the dungeon, and saw 1 of its levels.

You collected 14 gold pieces.

Inventory:

Hand Weapons
 a - a +0 falchion (weapon)
Wands
 f - a wand of digging (3)
Scrolls
 b - a scroll of fog
 c - a scroll of identify {unknown}
Potions
 e - a potion of haste
 g - a potion of brilliance {unknown}


   Skills:
 * Level 3.1 Fighting
 * Level 2.2 Long Blades
 * Level 2.1 Dodging
 + Level 7.0 Stealth
 * Level 0.4 Spellcasting


You had one spell level left.
You didn't know any spells.
Your spell library was empty.

Dungeon Overview and Level Annotations

Branches:
Dungeon (5/15)
 Temple: D:4-7

Altars:
Vehumet


Innate Abilities, Weirdness & Mutations

You cannot wear most types of armour.
You are amphibious.
You can wear up to eight rings at the same time.
Your skin changes colour to match your surroundings (Stealth+).
Your rubbery body absorbs attacks. (AC +1, EV +1)
((You are camouflaged when in or above water. (Stealth+)))
You have tentacles for arms and can constrict up to eight enemies at once.


Message History

An adder comes into view.
Found a shiny orb.
The adder hisses angrily.
You hit the adder. Your grab misses the adder.
The adder is lightly wounded.
The adder bites you.
You barely miss the adder. Your grab misses the adder.
Your squeeze misses the adder.
The adder is lightly wounded.
The adder bites you. The adder misses you.
You barely miss the adder. Your grab misses the adder.
Your squeeze misses the adder.
The adder is lightly wounded.
The adder bites you.
You hit the adder. You grab the adder.
The adder is heavily wounded.
You constrict the adder. The adder completely misses you.
The adder barely misses you.
You hit the adder.
You kill the adder!
Your Stealth skill increases to level 7!
You start resting.
HP restored.
Found 7 stones and a pair of boots.
Found 14 gold pieces.
A jelly comes into view.
The jelly quivers.
A worm and an iguana come into view.
Found 6 gold pieces.
The jelly hits you.
You are splashed with acid!
Ouch! That really hurt!
You see here 14 gold pieces.
You now have 14 gold pieces.
The jelly hits you but does no damage.
The jelly jiggles.
As you read the scroll of fear, it crumbles to dust.
You assume a fearsome visage.
The jelly looks frightened!
The worm looks frightened!
The iguana looks frightened!
The iguana hisses angrily.
Found a radiant altar of Vehumet.
Are you sure you want to abandon this character and quit the game? (Confirm with "yes".)

*,*,,*,***,,,,,,*******,
*,*,,*,* *,,,,,,* *,
********,*,**,* *,,,,,**
***, *,,,,,,,,,,,,,*
*,,,,,* *,,,
*,,,,,,,,,,**** *,,,,,*
*,*, *,,,,,,,,,,* *******
*,,, *,,,,,,.,,,* ****
*,,,,,,....############# *
*,,,,,,.......@.......<####
*
*,*,~~~§≈≈§...####.......[#
### *,*,,,~§§§≈≈..*
#........# #..
*,,,8,,.§_≈≈.#*
#........###)#
*,*,,,~≈§≈≈≈.*
#.............
*,*,~~~≈≈§≈..*
#.............
*,*,,,,.....,*
#.............
*,,,,,,...##**
#............. ***********
#........###'#


There were no monsters in sight!

Vanquished Creatures
  2 adders (D:5)
  An orc (D:5)
3 creatures vanquished.

Notes
Turn   | Place    | Note
-------+----------+-------------------------------------------
     0 | D:5      | Esekla the Octopode Delver began the quest for the Orb.
     0 | D:5      | Reached XP level 1. HP: 16/16 MP: 1/1
    26 | D:5      | Reached XP level 2. HP: 14/21 MP: 2/2
    58 | D:5      | Reached skill level 7 in Stealth
   107 | D:5      | Found a radiant altar of Vehumet.
   110 | D:5      | Quit the game

Illustrated notes

Levels and vault maps discovered:
D:5:      layout_basic, mainiacjoe_overflow_catwalk

Skill      XL: |  1  2 |
---------------+-------+-----
Stealth        | 7 |  7.0
Fighting       | |  3.1
Long Blades    | |  2.2
Dodging        | |  2.1
Spellcasting   | |  0.4

Action                     || total
---------------------------++-------
  Melee: Falchion          ||     9
         Constrict         ||     3
         Tentacles         ||     1
    Use: Scroll            ||     2
   Stab: Sleeping          ||     1
 Armour: Skin              ||     1
  Dodge: Dodged            ||     6

Table legend: (Time is in decaauts)
 A = Elapsed time spent in this place.
 B = Non-inter-level travel time spent in this place.
 C = Inter-level travel time spent in this place.
 D = Time resting spent in this place.
 E = Time spent auto-exploring this place.
 F = Levels seen in this place.
 G = Mean time per level.
                   A        B        C        D        E       F      G
               +--------+--------+--------+--------+--------+-----+--------+
         Total |    111 |    111 |      0 |     34 |      0 |   1 |  111.0 |
       Dungeon |    111 |    111 |      0 |     34 |      0 |   1 |  111.0 |
               +--------+--------+--------+--------+--------+-----+--------+

Top non-repeatable levels by time:
     D:5: 111 daAuts
